[Event "*** Titled Tuesday 3|2 Blitz"]
[Site "Chess.com"]
[Date "2016.06.07"]
[Round "6"]
[White "Winehouse83"]
[Black "JSPrepz"]
[Result "1-0"]
[WhiteElo "2467"]
[BlackElo "2361"]
[TimeControl "180+2"]
[EndTime "12:12:32 PDT"]
[Termination "Winehouse83 won by resignation"]

1. d4 Nf6 2. c4 c5 3. d5 b5 4. cxb5 a6 5. bxa6 g6 6. g3 d6 7. Bg2 Bg7 8. Nf3 Nbd7 9. O-O Nb6 10. Re1 Nbxd5 11. Ng5 e6 12. e4 Nb4 13. e5 Nfd5 14. a3 Rxa6 15. exd6 O-O 16. Ne4 Bd4 17. Bg5 f6 18. Bh6 Rf7 19. Nbc3 Nc6 20. Nxd5 exd5 21. Nc3 Qxd6 22. Re8+ Rf8 1-0

[Event "*** Titled Tuesday 3|2 Blitz"]
[Site "Chess.com"]
[Date "2016.06.07"]
[Round "6"]
[White "Masterbeaterr"]
[Black "kereswasbest"]
[Result "0-1"]
[WhiteElo "2316"]
[BlackElo "2125"]
[TimeControl "180+2"]
[EndTime "12:12:39 PDT"]
[Termination "kereswasbest won by resignation"]

1. e4 e5 2. Nf3 Nf6 3. Nxe5 d6 4. Nxf7 Kxf7 5. Nc3 Be7 6. Bc4+ Be6 7. Bxe6+ Kxe6 8. O-O Rf8 9. f4 Kf7 10. d4 Kg8 11. Be3 c6 12. g4 d5 13. e5 Ne4 14. Nxe4 dxe4 15.
f5 Bg5 16. Qd2 Bxe3+ 17. Qxe3 c5 18. c3 cxd4 19. cxd4 Qd5 20. Rf4 Nc6 21. Rxe4 Rad8 22. e6 Rfe8 23. Rd1 Qxa2 24. Qg5 Qd5 25. Rf4 Ne5 26. Rdf1 Ng6 27. Qxd8 Qxd8 28. fxg6 hxg6 29. Re4 Qd5 30. Rfe1 Re7 31. R1e2 g5 32. Kg2 Kh7 33. Kf2 Kg6 34. Ke1 Kf6 35. Rf2+ Kg6 36. Rfe2 b5 37. Kd2 a5 38. Kc2 a4 39. Kd3 b4 40.
Ke3 Rxe6 0-1

[Event "*** Titled Tuesday 3|2 Blitz"]
[Site "Chess.com"]
[Date "2016.06.07"]
[Round "6"]
[White "northridgehawk"]
[Black "talaicito"]
[Result "0-1"]
[WhiteElo "1884"]
[BlackElo "1967"]
[TimeControl "180+2"]
[EndTime "12:12:42 PDT"]
[Termination "talaicito won by resignation"]

1. e4 e6 2. Nc3 d5 3. Nf3 d4 4. Ne2 c5 5. c3 Nc6 6. cxd4 cxd4 7. Qa4 Bc5 8. b3 Nf6 9. d3 O-O 10. Bb2 e5 11. g3 Bb4+ 12. Nd2 Ng4 13. Rd1 Qf6 14. f4 Ne3 15. Rc1 Bg4 16. a3 Bxd2+ 17. Kxd2 exf4 18. Nxf4 g5 19. Ne2 Qf2 20. Re1 Ne5 21.
Bxd4 Nf3+ 22. Kc1 Qxe1+ 0-1

[Event "*** Titled Tuesday 3|2 Blitz"]
[Site "Chess.com"]
[Date "2016.06.07"]
[Round "6"]
[White "Lukianoo"]
[Black "platy3"]
[Result "1-0"]
[WhiteElo "2629"]
[BlackElo "2675"]
[TimeControl "180+2"]
[EndTime "12:12:43 PDT"]
[Termination "Lukianoo won by resignation"]

1. e4 c5 2. b3 Nc6 3. Bb2 e5 4. Bc4 Nf6 5. d3 d6 6. Ne2 a6 7. a4 Rb8 8. Nbc3 Nd4 9. O-O Be7 10. h3 O-O 11. f4 b5 12. axb5 axb5 13. Nxd4 cxd4 14.
Nxb5 Bd7 15. Na3 Qc7 16. Qf3 Qc5 17. fxe5 dxe5 18. Bd5 Nxd5 19. exd5 Bg5 20. Nc4 Qc7 21. Ba3 f6 22. Bxf8 Rxf8 23. d6 Qc5 24. Ra5 Qb4 25. Rxe5 1-0

[Event "*** Titled Tuesday 3|2 Blitz"]
[Site "Chess.com"]
[Date "2016.06.07"]
[Round "6"]
[White "1stSecond"]
[Black "dabee"]
[Result "1-0"]
[WhiteElo "2562"]
[BlackElo "2419"]
[TimeControl "180+2"]
[EndTime "12:12:56 PDT"]
[Termination "1stSecond won by resignation"]

1. g3 d5 2. Bg2 c6 3. d3 Nf6 4. Nd2 e5 5. Ngf3 Nbd7 6. O-O Bc5 7. c3 O-O 8. e4 dxe4 9. dxe4 a5 10. Qe2 b5 11. Rd1 Re8 12. Nf1 Qb6 13. h3 Ba6 14. Nh4 b4 15. c4 Nf8 16. Nf5 Ne6 17. N1e3 Nd4 18. Nxd4 exd4 19. Nf5 d3 20. Qxd3 Rad8 21. Qc2 Bxf2+ 22. Kh2 Rxd1 23. Qxd1 g6 24. Bg5 Nh5 25.
Qf3 Bxc4 26. Rf1 Bxf1 27. Nh6+ Kh8 28. Qf6+ 1-0

[Event "*** Titled Tuesday 3|2 Blitz"]
[Site "Chess.com"]
[Date "2016.06.07"]
[Round "6"]
[White "FearlessKing64"]
[Black "Usurpov"]
[Result "0-1"]
[WhiteElo "2071"]
[BlackElo "2346"]
[TimeControl "180+2"]
[EndTime "12:12:58 PDT"]
[Termination "Usurpov won by resignation"]

1. e4 c5 2. Nf3 Nc6 3. d4 cxd4 4. Nxd4 Nf6 5. Nc3 g6 6. Be3 Bg7 7. f3 O-O 8. Qd2 d5 9. exd5 Nxd5 10. Nxd5 Qxd5 11.
Nxc6 bxc6 12. c3 Rd8 13. Qxd5 cxd5 14. O-O-O e5 15. Be2 Be6 16. Bc5 Rdc8 17. b4 a5 18. a3 axb4 19. axb4 Ra2 20. Bd3 e4 21. fxe4 dxe4 22.
Bxe4 Bxc3 23. Kb1 Bb3 0-1

[Event "*** Titled Tuesday 3|2 Blitz"]
[Site "Chess.com"]
[Date "2016.06.07"]
[Round "6"]
[White "jup1978"]
[Black "playerzr"]
[Result "0-1"]
[WhiteElo "2186"]
[BlackElo "2021"]
[TimeControl "180+2"]
[EndTime "12:13:09 PDT"]
[Termination "playerzr won by resignation"]

1. e4 c5 2. Nf3 Nc6 3. Bb5 e6 4. Bxc6 bxc6 5. O-O d5 6. d3 Ne7 7. c4 Ng6 8. Nc3 Be7 9. Na4 O-O 10. b3 Qa5 11.
Qe1 Qc7 12. Ba3 Nf4 13. Qe3 d4 14. Qd2 e5 15. Bxc5 Bxc5 16. Nxc5 Qe7 17. Na4 Bg4 18.
Nxd4 Qg5 19. Qe3 exd4 20. Qc1 Bf3 0-1

[Event "*** Titled Tuesday 3|2 Blitz"]
[Site "Chess.com"]
[Date "2016.06.07"]
[Round "6"]
[White "StoreySniper"]
[Black "profofchess"]
[Result "1-0"]
[WhiteElo "2326"]
[BlackElo "2312"]
[TimeControl "180+2"]
[EndTime "12:13:28 PDT"]
[Termination "StoreySniper won by resignation"]

1. e4 e6 2. d4 d5 3. Nd2 Nf6 4. e5 Nfd7 5. f4 c5 6. c3 Nc6 7. Ndf3 Qb6 8. h4 Be7 9. Rh3 f6 10. Rg3 O-O 11. h5 cxd4 12. cxd4 fxe5 13. fxe5 Bb4+ 14.
Ke2 Rf7 15. Be3 Bf8 16. Qb1 Ndxe5 17. Nxe5 Nxe5 18. dxe5 d4 19. Bd2 Bd7 20. Nf3 Rc8 21. Kf2 d3+ 22. Be3 Rc2+ 23. Qxc2 dxc2 24. Bxb6 axb6 25.
Bd3 Bc5+ 26. Ke2 Bc6 27. Bxc2 1-0

[Event "*** Titled Tuesday 3|2 Blitz"]
[Site "Chess.com"]
[Date "2016.06.07"]
[Round "6"]
[White "Penguininja"]
[Black "theprosecution1"]
[Result "0-1"]
[WhiteElo "2228"]
[BlackElo "2479"]
[TimeControl "180+2"]
[EndTime "12:13:30 PDT"]
[Termination "theprosecution1 won by resignation"]

1. d4 Nf6 2. c4 e6 3. g3 d5 4. Nf3 Be7 5. Bg2 O-O 6. O-O dxc4 7. Qc2 b5 8. a4 b4 9. Nfd2 c6 10. Nxc4 Qxd4 11. Rd1 Qc5 12. Be3 Qh5 13. h3 e5 14.
g4 Bxg4 15. hxg4 Nxg4 16. Nbd2 f5 17. Qb3 Kh8 18. f3 Qh2+ 19. Kf1 Na6 20. Bg1 Qf4 21. e3 Qg3 22. e4 Nc5 23. Qc2 fxe4 24. Nxe4 Rxf3+ 25. Bxf3 Qxf3+ 26. Nf2 Rf8 27. Rd2 Ne4 28. Ke1 Bh4 29. Rd3 Qg2 0-1

[Event "*** Titled Tuesday 3|2 Blitz"]
[Site "Chess.com"]
[Date "2016.06.07"]
[Round "6"]
[White "Malev212"]
[Black "Grootneus"]
[Result "1-0"]
[WhiteElo "2257"]
[BlackElo "2093"]
[TimeControl "180+2"]
[EndTime "12:13:34 PDT"]
[Termination "Malev212 won by resignation"]

1. Nf3 Nf6 2. g3 c5 3. Bg2 g6 4. c4 Bg7 5. O-O O-O 6. d4 d6 7.
Nc3 Nc6 8. b3 cxd4 9. Nxd4 Nxd4 10. Qxd4 Ne4 11. Qxe4 Bxc3 12. Bh6 Bf5 13. Qxb7 Bxa1 14.
Rxa1 Rb8 15. Qxa7 Re8 16. Bc6 Rf8 17. Bxf8 Kxf8 18. Qd4 Kg8 19. Rd1 Qa5 20. Rd2 Qc7 21.
Bf3 Rb6 22. h4 Ra6 23. Kg2 Ra3 24. Qb2 Qa7 25. h5 Be6 26. h6 f6 27. Bd5 Bxd5+ 28. cxd5 Ra6 29. Qc2 Qb8 30. Qe4 Qa7 31. Qe6+ Kf8 32.
Rc2 1-0

[Event "*** Titled Tuesday 3|2 Blitz"]
[Site "Chess.com"]
[Date "2016.06.07"]
[Round "6"]
[White "alturas_pacificas"]
[Black "norwaytoadog"]
[Result "1-0"]
[WhiteElo "2174"]
[BlackElo "2031"]
[TimeControl "180+2"]
[EndTime "12:13:46 PDT"]
[Termination "alturas_pacificas won by checkmate"]

1. d4 Nf6 2. Bf4 d5 3. e3 Nc6 4. Nf3 Bg4 5. h3 Bh5 6. Nbd2 a6 7. c4 e6 8. Qa4 Bd6 9. Ne5 Bxe5 10. Bxe5 O-O 11. Bg3 Re8 12. Bd3 e5 13. dxe5 Nxe5 14.
Bxe5 Rxe5 15. O-O d4 16. e4 b5 17. Qc2 bxc4 18. Nxc4 Re8 19. f4 c5 20. g4 Bxg4 21.
hxg4 Nxg4 22. Rf3 Re6 23. Qg2 Rg6 24. Rg3 Qh4 25. e5 Ne3 26. Qxa8+ Qd8 27. Qxd8# 1-0

[Event "*** Titled Tuesday 3|2 Blitz"]
[Site "Chess.com"]
[Date "2016.06.07"]
[Round "6"]
[White "Rumpel-VK"]
[Black "matej2221"]
[Result "0-1"]
[WhiteElo "2434"]
[BlackElo "2446"]
[TimeControl "180+2"]
[EndTime "12:13:49 PDT"]
[Termination "matej2221 won by checkmate"]

1. e4 e5 2. Nf3 Nc6 3. Be2 Nf6 4. d3 Be7 5. O-O d6 6. Nbd2 O-O 7. c3 Re8 8. b4 h6 9. a4 Bf8 10. b5 Ne7 11. Re1 c6 12. Ba3 Ng6 13. g3 d5 14.
Bxf8 Kxf8 15. bxc6 bxc6 16. Bf1 Qd6 17. exd5 cxd5 18.
c4 e4 19. dxe4 dxe4 20. Nh4 Nxh4 21. gxh4 Ng4 22. Bg2 Qxh2+ 23. Kf1 Ba6 24. Qb3 e3 25. Nf3 Qf4 26. Rec1 exf2 27. Rc3 Nh2+ 28. Kxf2 Nxf3 29. Rxf3 Qd4+ 30. Kg3 Qxa1 31. c5 Qe5+ 32. Kf2 Qe1# 0-1

[Event "*** Titled Tuesday 3|2 Blitz"]
[Site "Chess.com"]
[Date "2016.06.07"]
[Round "6"]
[White "TheLancer"]
[Black "bugsbunny444"]
[Result "1-0"]
[WhiteElo "2464"]
[BlackElo "2365"]
[TimeControl "180+2"]
[EndTime "12:13:50 PDT"]
[Termination "TheLancer won by resignation"]

1. e4 e6 2. d4 d5 3. Nc3 Nf6 4. Bg5 Bb4 5. e5 h6 6. Be3 Ne4 7. Qg4 g6 8. a3 Bxc3+ 9. bxc3 Nxc3 10. Bd3 Qe7 11. h4 Nc6 12. h5 g5 13. f4 gxf4 14. Qxf4 Bd7 15. Ne2 Nxe2 16. Bxe2 O-O-O 17. Rf1 Rdg8 18. g4 Qh4+ 19. Kd2 Be8 20. Qf6 Qh2 21. Rh1 Qg2 22. Rag1 Qe4 23. Bd3 1-0

[Event "*** Titled Tuesday 3|2 Blitz"]
[Site "Chess.com"]
[Date "2016.06.07"]
[Round "6"]
[White "FCChelsea14"]
[Black "kpio91"]
[Result "0-1"]
[WhiteElo "2411"]
[BlackElo "2535"]
[TimeControl "180+2"]
[EndTime "12:13:52 PDT"]
[Termination "kpio91 won by resignation"]

1. d4 g6 2. Nf3 Bg7 3. c4 d6 4. Nc3 f5 5. g3 Nf6 6. Bg2 O-O 7.
O-O c6 8. Re1 Ne4 9. Bd2 Nxd2 10. Qxd2 e5 11. e4 exd4 12. Nxd4 f4 13. Rad1 fxg3 14.
hxg3 Na6 15. Nc2 Be6 16. Ne3 Qf6 17. f4 Rad8 18. Bf3 h5 19. Rf1 Bf7 20. Bg2 Qe7 21.
Rfe1 Nc5 22. Qc2 a5 23. b3 Qf6 24. Ne2 Rfe8 25. Nd4 h4 26. Ng4 Qe7 27. e5 hxg3 28. Nf3 dxe5 29. Rxd8 Rxd8 30. Ngxe5 Ne6 31. Nxg6 Qc5+ 32.
Kf1 Bxg6 0-1

[Event "*** Titled Tuesday 3|2 Blitz"]
[Site "Chess.com"]
[Date "2016.06.07"]
[Round "6"]
[White "cassoulet"]
[Black "MateusViageiro"]
[Result "0-1"]
[WhiteElo "2311"]
[BlackElo "2308"]
[TimeControl "180+2"]
[EndTime "12:14:03 PDT"]
[Termination "MateusViageiro won by resignation"]

1. e4 c5 2. Nf3 d6 3. Bb5+ Nd7 4. O-O Nf6 5. Re1 a6 6. Bf1 g6 7. c3 Bg7 8. d4 cxd4 9. cxd4 O-O 10. Nc3 e5 11. Bg5 h6 12. Be3 b5 13. h3 Bb7 14.
Qd3 Rc8 15. Rad1 b4 16. dxe5 dxe5 17. Nd5 Bxd5 18. exd5 e4 19. Qxa6 exf3 20. g3 Ra8 21. Qc4 Qa5 22. d6 Qxa2 23. Qxb4 Rab8 24. Qf4 Qxb2 25. Bd4 Qb4 26. Re7 Nd5 27. Qxf3 Nxe7 28. Bxg7 Kxg7 29. dxe7 Qxe7 30. h4 Ne5 31. Qf4 Qf6 32.
Qa4 Nf3+ 33. Kh1 Rb2 34. Qa7 Nd2 35. Bg2 Re8 36. Qc5 Ne4 37. Bxe4 Rxe4 38. Kg2 Ree2 39. Rf1 Rec2 40. Qa7 h5 41. Qe3 Qc3 42. Qf4 Qc6+ 43. Kh3 Qe6+ 44. Kg2 Qc6+ 45. Kh3 Qf6 46. Qe3 Rxf2 47.
Rxf2 Rxf2 48. Qe4 Qf5+ 0-1

[Event "*** Titled Tuesday 3|2 Blitz"]
[Site "Chess.com"]
[Date "2016.06.07"]
[Round "6"]
[White "jeaston1"]
[Black "Fibrinogen"]
[Result "0-1"]
[WhiteElo "2033"]
[BlackElo "2286"]
[TimeControl "180+2"]
[EndTime "12:14:09 PDT"]
[Termination "Fibrinogen won by resignation"]

1. d4 Nf6 2. c4 e6 3. Nc3 Bb4 4. Qc2 O-O 5. a3 Bxc3+ 6. Qxc3 b5 7. cxb5 c6 8. e3 Bb7 9. Nf3 Ne4 10. Qc2 f5 11.
bxc6 Nxc6 12. Bd3 Rc8 13. Qe2 Na5 14. O-O Nb3 15. Rb1 Qc7 16. Bd2 g5 17. Bb4 d6 18.
Bxe4 Bxe4 19. Nxg5 Bxb1 20. Nxe6 Qc2 21. Qxc2 Bxc2 22.
Nxf8 Kxf8 23. Bxd6+ Kf7 24. Bb4 Ke6 25. f3 Kd5 26.
Kf2 a5 27. Bc3 a4 28. Re1 Bd3 29. Rd1 Bb5 30. Re1 Re8 31. Kg3 Rg8+ 32. Kf2 Bd3 33.
Rd1 Bc2 34. Re1 Kc4 35. e4 fxe4 36. fxe4 Nxd4 37. Bxd4 Kxd4 38. e5 Re8 39. e6 Bb3 40. e7 Kd5 41. Kg3 Kd6 42. Kh4 Rxe7 43. Rxe7 Kxe7 44. Kg5 Bc2 45. Kh6 Kd6 46. h4 Kc5 47.
Kg7 Kc4 48. g4 Kb3 49. g5 Kxb2 50. h5 Kxa3 51. Kf6 Kb2 52. g6 hxg6 53. h6 g5 54. Kxg5 0-1

[Event "*** Titled Tuesday 3|2 Blitz"]
[Site "Chess.com"]
[Date "2016.06.07"]
[Round "6"]
[White "Noukii"]
[Black "KamilPlichta"]
[Result "1-0"]
[WhiteElo "2645"]
[BlackElo "2367"]
[TimeControl "180+2"]
[EndTime "12:14:25 PDT"]
[Termination "Noukii won by resignation"]

1. d4 Nf6 2. c4 g6 3. Nc3 Bg7 4. Nf3 O-O 5. Bg5 c5 6. d5 b5 7. Nxb5 Ne4 8. Bc1 a6 9. Na3 e6 10. e3 d6 11. Be2 Bb7 12. O-O Nf6 13. dxe6 fxe6 14. Rb1 Nc6 15. Nc2 a5 16. b3 Ne4 17.
Bb2 Nc3 18. Bxc3 Bxc3 19. Qd3 Bf6 20. Rfd1 Be7 21. a3 Qc7 22. b4 axb4 23. axb4 Rxf3 24.
Bxf3 Ne5 25. Qe2 Nxf3+ 26. gxf3 Ra2 27. Ra1 Rb2 28. Rdb1 Rxb1+ 29. Rxb1 d5 30. cxd5 Bxd5 31. bxc5 Bxc5 32. Nd4 Bxd4 33. exd4 Qf4 34. Qe5 Qxe5 35. dxe5 Bxf3 36. h4 h6 37. Rb6 Bg4 38. Kh2 Bf5 39.
Rb7 g5 40. hxg5 hxg5 41. Kg3 Kf8 42. Kf3 Kg8 43. Ke3 Kf8 44. Kd4 Ke8 45. Kc5 g4 46. Kd6 Kf8 47. Re7 1-0

[Event "*** Titled Tuesday 3|2 Blitz"]
[Site "Chess.com"]
[Date "2016.06.07"]
[Round "6"]
[White "Zazuliak"]
[Black "gmcorrales"]
[Result "0-1"]
[WhiteElo "2355"]
[BlackElo "2523"]
[TimeControl "180+2"]
[EndTime "12:14:28 PDT"]
[Termination "gmcorrales won by resignation"]

1. d4 Nf6 2. c4 e6 3. Nc3 d5 4. Bg5 c6 5. e3 Nbd7 6. Nf3 Be7 7. Qc2 O-O 8. cxd5 exd5 9. Bd3 Re8 10. O-O Nf8 11. h3 Bd6 12. Rab1 Ng6 13. b4 h6 14. Bh4 Nxh4 15. Nxh4 Ne4 16. Nf3 Ng5 17. Nxg5 Qxg5 18. f4 Qh4 19. Rf3 Bd7 20. b5 Re7 21. bxc6 Bxc6 22. Qb3 Qh5 23. g4 Qh4 24. Nxd5 Ree8 25.
Rc1 Rad8 26. Bc4 Kh8 27. a4 f5 28. gxf5 Rf8 29. e4 Bxd5 30. Bxd5 Bxf4 31. Rcf1 Bb8 32.
Qxb7 Rd6 33. e5 Qxd4+ 34. Kg2 Rxd5 35. f6 gxf6 36. exf6 Rg5+ 37. Kh1 Qd5 38. Qxd5 Rxd5 39. Rg1 Rd2 40. Rg7 Rxf6 0-1

[Event "*** Titled Tuesday 3|2 Blitz"]
[Site "Chess.com"]
[Date "2016.06.07"]
[Round "6"]
[White "Elshan1985"]
[Black "Iuri_Shkuro"]
[Result "0-1"]
[WhiteElo "2594"]
[BlackElo "2414"]
[TimeControl "180+2"]
[EndTime "12:14:34 PDT"]
[Termination "Iuri_Shkuro won by resignation"]

1. d4 Nc6 2. Nf3 d6 3. d5 Nb8 4. e4 Nf6 5. Nc3 g6 6. Be2 Bg7 7.
O-O O-O 8. h3 c6 9. Re1 b5 10.
a3 a6 11. Bg5 Bb7 12. Qd2 cxd5 13. exd5 Nbd7 14. Nd4 Rc8 15. a4 b4 16. Na2 Ne4 17.
Qxb4 Nxg5 18. Qxb7 Bxd4 19. c3 Bg7 20. Qxa6 Ne4 21.
Qd3 Ndc5 22. Qc2 Nf6 23. Nb4 Qc7 24. a5 Ra8 25. Bf1 e6 26. dxe6 fxe6 27. a6 d5 28. f3 Kh8 29. Ra2 Nh5 30. Rea1 d4 31. a7 dxc3 32. bxc3 Bh6 33. Qe2 Ng3 34. Qc4 Be3+ 0-1

[Event "*** Titled Tuesday 3|2 Blitz"]
[Site "Chess.com"]
[Date "2016.06.07"]
[Round "6"]
[White "amaidel"]
[Black "rdclayton"]
[Result "1-0"]
[WhiteElo "2467"]
[BlackElo "2066"]
[TimeControl "180+2"]
[EndTime "12:14:35 PDT"]
[Termination "amaidel won by resignation"]

1. e4 d6 2. d3 Nf6 3. g3 g6 4.
Bg2 Bg7 5. Nf3 O-O 6. O-O c5 7. Nc3 Nc6 8. h3 Nd4 9. Nxd4 cxd4 10. Ne2 Nd7 11. g4 b5 12. e5 Rb8 13. exd6 e6 14. c3 dxc3 15. bxc3 Qb6 16. Be3 Qa6 17. a4 b4 18.
cxb4 Rxb4 19. Rc1 Qxa4 20. Qxa4 Rxa4 21. Rc7 Ne5 22. d4 Ba6 23. Rxa7 Bxe2 24. Rxa4 Bxf1 25. Kxf1 Nd3 26. Ke2 Nb2 27. Rb4 Rd8 28. Rxb2 Bf8 29. Bf4 Bxd6 30. Bxd6 Rxd6 31. Ke3 Kg7 32. g5 h6 33. h4 hxg5 34. hxg5 Rd7 35. Rb6 Re7 36. f4 f6 37. Bh3 fxg5 38. fxg5 Kf7 39. Ke4 Re8 40.
Ke5 Rd8 41. Bxe6+ Kg7 1-0

[Event "*** Titled Tuesday 3|2 Blitz"]
[Site "Chess.com"]
[Date "2016.06.07"]
[Round "6"]
[White "hansen"]
[Black "ShimanovAlex"]
[Result "1-0"]
[WhiteElo "2570"]
[BlackElo "2643"]
[TimeControl "180+2"]
[EndTime "12:14:41 PDT"]
[Termination "hansen won by resignation"]

1. e4 Nf6 2. e5 Nd5 3. d4 d6 4.
Nf3 dxe5 5. Nxe5 c6 6. c3 Nd7 7.
Nxd7 Bxd7 8. Nd2 g6 9. Nf3 Bg7 10.
Bc4 O-O 11. O-O Bg4 12. h3 Bxf3 13. Qxf3 e6 14. g3 Rc8 15. Kg2 Qb6 16. h4 h5 17.
Bb3 a5 18. Rb1 Qa6 19. Bc2 b5 20. Bg5 c5 21. dxc5 Rxc5 22. Rfd1 Re8 23. Be4 Qc6 24. Rd2 f5 25. Bxd5 exd5 26. Rbd1 Re4 27. Be3 Rcc4 28. Rxd5 b4 29. cxb4 axb4 30. Rd6 Qb7 31. Rxg6 Rc2 32. Rd8+ Kf7 1-0

[Event "*** Titled Tuesday 3|2 Blitz"]
[Site "Chess.com"]
[Date "2016.06.07"]
[Round "6"]
[White "ChessWarrior7197"]
[Black "silverback96"]
[Result "1-0"]
[WhiteElo "2516"]
[BlackElo "2049"]
[TimeControl "180+2"]
[EndTime "12:14:41 PDT"]
[Termination "ChessWarrior7197 won by resignation"]

1. e4 e6 2. d4 d5 3. Nd2 Nf6 4. e5 Nfd7 5. Bd3 c5 6. c3 Nc6 7. Ne2 cxd4 8. cxd4 f6 9. exf6 Nxf6 10. O-O Bd6 11.
Nf3 O-O 12. Bf4 Bxf4 13. Nxf4 Ne4 14. Ne2 Rxf3 15. gxf3 Ng5 16. f4 Nf3+ 17. Kg2 Qh4 18. Kxf3 e5 19. dxe5 Qh3+ 20. Ng3 Bg4+ 21. Ke3 d4+ 22. Kd2 Bxd1 23. Raxd1 Nb4 24. Bc4+ Kh8 25. a3 Rc8 26. Rc1 Nc6 27. Bd3 Na5 28. Bf5 Nb3+ 29. Kd3 Nxc1+ 30. Rxc1 Qxf5+ 31. Nxf5 Rxc1 32. Kd2 Rf1 33. e6 Rxf2+ 34. Ke1 Rc2 35. e7 Rc8 36. Nd6 Ra8 37.
e8=Q+ Rxe8+ 38. Nxe8 Kg8 39. Nd6 b6 40. Nf5 Kf8 41. Nxd4 Kf7 42. Ke2 Kf6 43. Ke3 g5 44. fxg5+ Kxg5 45. Nc6 h5 46. Nxa7 Kh4 47. Kf2 Kh3 48. Kg1 Kg4 49. Nc8 h4 50. Nxb6 h3 51.
a4 Kf3 52. a5 Kg4 53. a6 Kh4 54. a7 Kg4 55. a8=Q 1-0

[Event "*** Titled Tuesday 3|2 Blitz"]
[Site "Chess.com"]
[Date "2016.06.07"]
[Round "6"]
[White "eltenedor"]
[Black "Iball95"]
[Result "0-1"]
[WhiteElo "2049"]
[BlackElo "2447"]
[TimeControl "180+2"]
[EndTime "12:14:46 PDT"]
[Termination "Iball95 won on time"]

1. c4 e5 2. g3 Nc6 3. Bg2 Bc5 4.
Nc3 a6 5. e3 d6 6. Nge2 Ba7 7. O-O h5 8. h4 Nf6 9. d4 Bg4 10. Qd2 Qd7 11. b3 Bh3 12. Bb2 O-O-O 13. Nd5 Kb8 14. Nxf6 gxf6 15. b4 Rhg8 16. b5 axb5 17.
cxb5 Ne7 18. Bh1 Nf5 19. Kh2 Bxf1 20. Rxf1 Nxh4 21. gxh4 Qg4 22. Ng3 Qxh4+ 23. Kg1 Qg4 24. Kh2 Qh4+ 25. Kg1 Qg4 26. Kh2 h4 27. Ne2 Qf5 28.
Nc3 exd4 29. Nd5 Qe5+ 30. f4 dxe3 31. Qa5 Qxb2+ 32. Kh3 Qc2 33. b6 Qf5+ 0-1

[Event "*** Titled Tuesday 3|2 Blitz"]
[Site "Chess.com"]
[Date "2016.06.07"]
[Round "6"]
[White "PowerThinking2650"]
[Black "AleksandrKholin"]
[Result "1-0"]
[WhiteElo "2225"]
[BlackElo "2122"]
[TimeControl "180+2"]
[EndTime "12:14:52 PDT"]
[Termination "PowerThinking2650 won by resignation"]

1. e4 c5 2. Nf3 d6 3. d4 cxd4 4. Nxd4 Nf6 5. Nc3 a6 6. Be3 e5 7. Nb3 Be7 8. f3 O-O 9. Qd2 Be6 10. O-O-O Nbd7 11. g4 b5 12. g5 b4 13. Ne2 Ne8 14.
f4 a5 15. f5 a4 16. Nbd4 exd4 17. Nxd4 Nc5 18. fxe6 Nxe6 19. h4 b3 20. cxb3 axb3 21.
a3 Rc8+ 22. Kb1 Nxd4 23. Bxd4 Rc2 24. Qf4 Nc7 25. Bd3 Ne6 26. Qe3 Nxd4 27. Qxd4 Rc5 28. Bc4 Qc7 29. Bxb3 Rb8 30. Rd3 Rcb5 31. Rhh3 Rc8 32.
Ka2 Qc1 33. Rc3 Rxc3 34. Rxc3 Qf4 35. Rc8+ Bf8 36. Qc4 Rc5 37. Rxc5 dxc5 38. e5 h6 39. Qxf4 1-0

[Event "*** Titled Tuesday 3|2 Blitz"]
[Site "Chess.com"]
[Date "2016.06.07"]
[Round "6"]
[White "bilelou"]
[Black "lukas_111111"]
[Result "0-1"]
[WhiteElo "2141"]
[BlackElo "2243"]
[TimeControl "180+2"]
[EndTime "12:15:03 PDT"]
[Termination "lukas_111111 won by resignation"]

1. b3 g6 2. Bb2 Nf6 3. Bxf6 exf6 4. c4 Bg7 5. Nc3 f5 6. Rc1 O-O 7. e3 b6 8. Nge2 Bb7 9. d4 d6 10. Nf4 Nd7 11. Be2 Nf6 12. Bf3 c6 13. O-O Re8 14. h4 Ne4 15. g3 c5 16. Nxe4 fxe4 17. Bg2 cxd4 18. exd4 d5 19. Nxd5 Bxd5 20. cxd5 Qxd5 21. Rc4 Rad8 22. Qe2 Bxd4 23. Kh1 Qf5 24. Rc7 b5 25. Re1 Bb6 26. Rc2 e3 27. f4 Ba5 28. Rf1 Bd2 29. Rc7 Qd3 30. Bf3 Ba5 31. Rxa7 Bc3 32. Rc7 b4 33.
Kg2 Qd6 34. Rc4 Qe6 35. a3 Rd2 36. axb4 Rxe2+ 37. Bxe2 Qd5+ 38. Bf3 Qd2+ 39. Kh3 e2 0-1

[Event "*** Titled Tuesday 3|2 Blitz"]
[Site "Chess.com"]
[Date "2016.06.07"]
[Round "6"]
[White "akinov-akinseye"]
[Black "SloLev"]
[Result "0-1"]
[WhiteElo "1705"]
[BlackElo "2100"]
[TimeControl "180+2"]
[EndTime "12:15:04 PDT"]
[Termination "SloLev won by checkmate"]

1. e4 c5 2. Nf3 e6 3. d4 cxd4 4. Nxd4 a6 5. Be2 Qc7 6. O-O Nf6 7. Nc3 Bb4 8. Bd3 Bxc3 9. bxc3 Qxc3 10. Ne2 Qxa1 11.
Nf4 Nc6 12. Qf3 Qe5 13. Qe2 d5 14. exd5 Qxe2 15. Nxe2 Nxd5 16. Ng3 O-O 17. Ne4 b5 18. Ng5 h6 19. Nf3 Bb7 20. h3 Rfd8 21. Bb2 Rac8 22. Nh2 Ncb4 23. Be4 Nxc2 24. Rc1 Ncb4 25. Rd1 Nxa2 26.
Be5 Nac3 27. Bxc3 Rxc3 28. Bf3 Rdc8 29. Ng4 Rc1 30. Kh2 Rxd1 31. Bxd1 Nc3 32. Bb3 a5 33.
Ne5 a4 34. Bc2 b4 35. Bxa4 Nxa4 36. Nd3 b3 37. f3 b2 38. Nxb2 Nxb2 39. h4 Nd3 40. g4 Bxf3 41. Kg3 Ne5 42. Kf4 f6 43. g5 Rc4+ 44. Kg3 Rg4+ 45. Kh3 hxg5 46. hxg5 Rxg5 47. Kh4 Ng6+ 48. Kh3 Nf4+ 49. Kh4 Ne2 50. Kh3 Kh7 51. Kh4 Kg6 52. Kh3 Kf5 53. Kh4 Rh5# 0-1

[Event "*** Titled Tuesday 3|2 Blitz"]
[Site "Chess.com"]
[Date "2016.06.07"]
[Round "6"]
[White "Abdodi"]
[Black "Mvpag"]
[Result "1-0"]
[WhiteElo "1994"]
[BlackElo "2102"]
[TimeControl "180+2"]
[EndTime "12:15:04 PDT"]
[Termination "Abdodi won on time"]

1. d4 d5 2. c4 e6 3. e3 Nf6 4. Nc3 Be7 5. Nf3 Nbd7 6. Be2 O-O 7. O-O b6 8. cxd5 exd5 9. Ne5 Bb7 10. Bb5 Nxe5 11.
dxe5 Nd7 12. f4 Nc5 13. Ne2 Ne4 14. Nd4 c5 15. Nf5 g6 16. Ng3 Nxg3 17. hxg3 a6 18. Bd3 d4 19. e4 b5 20. b3 Rc8 21. Qe2 Qc7 22. Ba3 Rfe8 23. Rac1 Qb6 24. f5 c4 25. Bxe7 cxd3 26. Rxc8 Bxc8 27. Qd2 Bb7 28. f6 Kh8 29. Qh6 Rg8 30. Bf8 1-0

[Event "*** Titled Tuesday 3|2 Blitz"]
[Site "Chess.com"]
[Date "2016.06.07"]
[Round "6"]
[White "FairChess_on_YouTube"]
[Black "dondimi"]
[Result "1/2-1/2"]
[WhiteElo "2714"]
[BlackElo "2447"]
[TimeControl "180+2"]
[EndTime "12:15:14 PDT"]
[Termination "Game drawn by repetition"]

1. d4 Nf6 2. Bg5 e6 3. Nd2 h6 4. Bh4 c5 5. e3 cxd4 6. exd4 Be7 7. c3 b6 8. Bd3 Bb7 9. Ngf3 d6 10. O-O O-O 11.
Re1 Nbd7 12. a4 a6 13. Qe2 Re8 14. h3 Nd5 15. Bg3 N7f6 16. Bh2 Nh5 17. Qe4 Nhf6 18.
Qe2 Nh5 19. Be4 Qc7 20. Qc4 Qd7 21. Qb3 b5 22. axb5 axb5 23. Bd3 Bc6 24. Bf1 Nhf4 25. Qc2 g5 26. Nb3 Rxa1 27. Rxa1 Ra8 28. Rxa8+ Bxa8 29. Ne1 Bd8 30. Nd3 Nxd3 31. Qxd3 Bc6 32. Nc1 Kg7 33. Qg3 Be7 34. Nd3 f5 35. h4 Qe8 36.
hxg5 hxg5 37. Be2 Qa8 38. f4 g4 39. Bxg4 fxg4 40. Qxg4+ Kf7 41. Qh5+ Kg7 42. Qg4+ Kf7 43. Qh5+ Kg7 44. Qg4+ 1/2-1/2